 Dungeon Crawl Stone Soup version 0.29.0-13-gc9e81de378 (webtiles) character file.

Game seed: 7783825893597969198

65 AbrileMaio the Sneak (level 3, -1/19 HPs)
             Began as a Spriggan Delver on Sept 9, 2022.
             Was an Initiate of Wu Jian.
             Slain by a quokka (5 damage)
             ... on level 4 of the Dungeon.
             The game lasted 00:03:01 (428 turns).

AbrileMaio the Sneak (Spriggan Delver)               Turns: 428, Time: 00:03:01

Health: -1/19      AC:  2    Str:  8    XL:     3   Next: 94%
Magic:  4/4        EV: 17    Int: 11    God:    Wu Jian [......]
Gold:   61         SH:  0    Dex: 18    Spells: 2/2 levels left

rFire   . . .      SeeInvis +   a - +0 short sword
rCold   . . .      Faith    .   (no shield)
rNeg    . . .      Spirit   .   b - +0 robe
rPois   .          Reflect  .   (helmet restricted)
rElec   .          Harm     .   (no cloak)
rCorr   .          Rampage  .   (gloves unavailable)
Will    .....                   (boots unavailable)
Stlth   ++++......              (no amulet)
HPRegen 0.06/turn               (no ring)
MPRegen 0.09/turn               (no ring)

@: very quick
A: very small, no large weapons, unfitting armour, see invisible, speed 3
a: Renounce Religion


You were on level 4 of the Dungeon.
You worshipped Wu Jian.
Wu Jian was noncommittal.
You visited 1 branch of the dungeon, and saw 2 of its levels.

You collected 61 gold pieces.

Inventory:

Hand Weapons
 a - a +0 short sword (weapon)
Armour
 b - a +0 robe (worn)
Jewellery
 h - a +6 ring of strength
 i - a ring of protection from cold
Wands
 g - a wand of digging (3)
Scrolls
 c - a scroll of fog
Potions
 d - a potion of cancellation {unknown}
 f - a potion of haste
 j - a potion of curing {unknown}


   Skills:
 - Level 2.4 Fighting
 + Level 4.7 Short Blades
 - Level 2.6 Dodging
 - Level 7.2 Stealth


You had 2 spell levels left.
You didn't know any spells.
Your spell library contained the following spells:

 Spells                   Type           Power      Damage    Failure   Level
 Portal Projectile        Hex/Tloc       0%         N/A       71%         3
 Tukima's Dance           Hex            0%         N/A       71%         3
 Blade Hands              Tmut           0%         N/A       100%        5


Dungeon Overview and Level Annotations

Branches:
Dungeon (5/15)             Temple (0/1) D:4

Altars:
Dithmenos
Wu Jian
Xom

Annotations:
D:5 Pikel


Innate Abilities, Weirdness & Mutations

You are very small and have problems with some larger weapons.
You are too small for most types of armour.
You have supernaturally acute eyesight. (SInv)
You cover ground extremely quickly. (Speed+++)


Message History

You hit the orc wizard.
The orc wizard is lightly wounded.
The orc misses you. The orc barely misses you.
The orc wizard completely misses you.
You barely miss the orc wizard.
The orc wizard is lightly wounded.
You hit the orc wizard.
The orc wizard is moderately wounded.
The orc wizard hits you with a +0 dagger.
The orc misses you. The orc barely misses you.
You miss the orc wizard.
The orc wizard is moderately wounded.
The orc misses you. The orc barely misses you.
The orc wizard barely misses you.
You puncture the orc wizard!
The orc wizard is severely wounded.
The orc wizard points at you and mumbles some strange words.
The magic dart hits you!
* * * LOW HITPOINT WARNING * * *
The orc misses you. The orc hits you with a +0 falchion.
* * * LOW HITPOINT WARNING * * *
As you read the scroll of fear, it crumbles to dust.
You assume a fearsome visage.
The orc looks frightened!
The orc wizard looks frightened!
The orc looks frightened! x2
A dart slug comes into view.
You lunge at the dart slug.
The helpless dart slug fails to defend itself.
You impale the dart slug!!
You kill the dart slug!
The Council accepts your kill.
You see here a dart slug corpse.
You hear the slow rusting of a very distant drain.
A quokka comes into view.
You start resting.
A quokka is nearby!
Found 16 gold pieces.
You hit the quokka but do no damage. The quokka bites you.
* * * LOW HITPOINT WARNING * * *
You barely miss the quokka. The quokka bites you.
You die...

####.# #.# #........
..8 ##....#
#.###.####### ..
#.###.#####...######
#.# >##
##.r...........# ..
.# #.#####.....#.#
.# .## ##.#
#.###.#.######.#
#.###.## #.#
#.#........# ##...##
#.# #r##########
##### #.# #@# #.#
#.# ####### #.# #.#
......# #.# #.#
#####.# #.# #.#
#.######.# #.#
#......†.# #.#
########## #.# #.#


You could see a quokka.

Vanquished Creatures
  2 hounds (D:4)
  A dart slug (D:4)
  An orc (D:4)
  A giant cockroach (D:4)
  A goblin (D:4)
6 creatures vanquished.

Notes
Turn   | Place    | Note
-------+----------+-------------------------------------------
     0 | D:5      | AbrileMaio the Spriggan Delver began the quest for the Orb.
     0 | D:5      | Reached XP level 1. HP: 11/11 MP: 2/2
    13 | D:5      | Found a shimmering altar of Xom.
    13 | D:5      | Noticed a hound
    73 | D:5      | Noticed an iguana
    99 | D:5      | Found an ornate altar of the Wu Jian Council.
   106 | D:5      | Became a worshipper of the Wu Jian Council
   117 | D:5      | Noticed a black bear
   119 | D:5      | Noticed a lemure
   119 | D:5      | Noticed a lemure
   121 | D:5      | Noticed Pikel
   121 | D:5      | Noticed a lemure
   148 | D:4      | Noticed a hound
   151 | D:4      | Killed a hound
   152 | D:4      | Reached XP level 2. HP: 16/16 MP: 3/3
   152 | D:4      | Reached XP level 3. HP: 19/19 MP: 4/4
   155 | D:4      | Found a shadowy altar of Dithmenos.
   212 | D:4      | Found a staircase to the Ecumenical Temple.
   428 | D:4      | Slain by a quokka

Illustrated notes

Levels and vault maps discovered:
D:4:      layout_loops_ring, grunt_dithmenos_smoke_and_mirrors,
          grunt_gozag_statues, minmay_temple_entry_statues_fountains,
          gup_sewer_entry_pipe
D:5:      layout_basic, mainiacjoe_overflow_catch_the_wave,
          nicolae_ossuary_entry_catacombs, uniq_pikel, uniq_eustachio

Skill      XL: |  1  2  3 |
---------------+----------+-----
Short Blades   | 3 4 |  4.7
Fighting       | |  2.4
Dodging        | |  2.6
Stealth        | |  7.2

Action                   || total
-------------------------++-------
Melee: Short sword       ||    18
Invok: Lunge             ||     3
  Use: Scroll            ||     2
 Stab: Sleeping          ||     5
Dodge: Dodged            ||    15
